cohdb
Replays
Latest Replays
All Replays
Popular Replays
Top Player Replays
Match Explorer
How It Works
Community
CoH3 Stats
Reddit
Sign in to upload your games and track your stats! →
Sign in with Steam
Match 43601999
Unlisted
Match 43601999
Overview
Messages
Build Orders
End
Kradschützen Motorcycle Team
Panzerpioneer Squad
Selects Battlefield Espionage Battlegroup
Panzerpioneer Squad
Panzerpioneer Squad
Panzerpioneer Squad
Construct Light Support Kompanie
2.5-tonne Medical Truck
Selects Intel Disruption Beacon
Fire Support Elements
le.IG 18 Mechanized Group
Selects Transfer Depots
Flakvierling Half-track
Selects 250/3 Funkpanzerwagen
Vehicle Survival Package
Pak 38 Anti-tank Gun Team
Veteran Squad Leaders
Construct Panzerarmee Kommand
Selects Advanced Ambush Training
MG34 Team
Walking Stuka Rocket Launcher
Flak 36 Anti-tank Gun Team
MG34 Team
Emergency Repair Kits
Walking Stuka Rocket Launcher
Rapid Advance
Flakvierling Half-track
BlueSkidrow™
Nicko
Symbiosis
DexN
0
0
Comments
sign in to comment!
No comments posted yet!